Map: 2000 Atmospheres LE

Players

Lambo

  • Race: Zerg Zerg

SpeCial - Winner!

  • Race: Terran Terran
  • League: Master

Event: TSL 8

VOD

Have the link to the VOD?

Description

Time

  • Played on: Nov. 27, 2021, 12:53 p.m.
  • Length: 8:51

All games in this series

Show
View Real Time Build Order
Export as new Build Order

Lambo Zerg 

Build Orders: Hatch First 

Get SALT Encoding   

  12  0:00  Drone  
  13  0:13  Overlord  
  13  0:18  Drone  
  14  0:32  Drone x2  
  16  0:48  Hatchery  
  15  0:52  Drone  
  15  0:55  Drone  
  17  0:58  Drone  
  18  1:09  Extractor  
  17  1:13  Spawning Pool  
  17  1:16  Drone  
  17  1:20  Drone  
  18  1:28  Drone  
  19  1:39  Drone  
  20  1:50  Overlord  
  20  2:00  Queen x2  
  20  2:01  Zergling x4  
  26  2:12  Drone x2  
  26  2:13  Metabolic Boost  
  28  2:23  Drone x2  
  30  2:34  Hatchery  
  30  2:36  Drone  
  30  2:42  Drone  
  31  2:45  Drone  
  31  2:49  Queen  
  34  2:55  Pneumatized Carapace  
  34  3:00  Overlord  
  34  3:06  Drone x2  
  34  3:08  Overlord  
  36  3:18  Drone x5  
  41  3:27  Queen  
  41  3:32  Overlord  
  43  3:35  Drone  
  43  3:39  Overlord  
  44  3:42  Zergling x4  
  44  3:44  Queen  
  44  3:46  Overlord  
  48  3:49  Drone  
  48  3:52  Drone, Spore Crawler  
  50  3:55  Zergling x2  
  50  3:58  Queen  
  52  4:03  Zergling x4  
  52  4:04  Zergling x2  
  52  4:06  Drone  
  52  4:08  Drone x2  
  58  4:13  Baneling Nest  
  57  4:17  Queen  
  57  4:19  Spore Crawler  
  57  4:23  Drone x2  
  44  4:39  Drone x3  
  44  4:44  Drone  
  46  4:48  Drone  
  46  4:51  Drone  
  48  4:55  Drone x2  
  48  4:58  Drone  
  51  5:01  Drone  
  52  5:08  Drone x4  
  52  5:11  Baneling x2  
  52  5:12  Baneling  
  55  5:15  Drone x2  
  55  5:17  Drone  
  56  5:25  Drone x4  
  56  5:28  Drone x2  
  62  5:31  Drone x2  
  62  5:32  Baneling x2  
  62  5:35  Overlord  
  64  5:37  Drone  
  64  5:39  Drone x2  
  64  5:41  Drone  
  64  5:42  Drone  
  69  5:44  Drone  
  69  5:46  Drone  
  69  5:47  Drone x2  
  73  5:50  Overlord  
  73  5:52  Drone  
  73  5:55  Extractor  
  73  5:56  Extractor  
  72  5:57  Drone x3  
  72  5:58  Drone  
  72  6:01  Drone  
  77  6:04  Drone  
  77  6:06  Extractor  
  77  6:08  Overlord  
  77  6:11  Drone  
  77  6:16  Drone x3, Lair  
  77  6:18  Hatchery  
  80  6:19  Drone  
  80  6:20  Drone x2  
  80  6:21  Drone  
  80  6:25  Evolution Chamber  
  83  6:27  Drone, Evolution Chamber, Spore Crawler  
  83  6:30  Drone x2  
  83  6:32  Drone x2  
  86  6:44  Hatchery  
  86  6:45  Zergling x10  
  90  6:47  Zergling x6  
  90  6:49  Baneling x2  
  90  6:51  Zergling x6  
  90  6:53  Baneling x3  
  96  6:55  Zergling x2  
  95  7:01  Zergling x6  
  91  7:11  Zergling x14  
  91  7:15  Queen  
  96  7:22  Baneling x3  
  98  7:24  Zergling x2  
  92  7:31  Drone x8  
  99  7:37  Zergling x4  
  99  7:40  Zergling x6  
  99  7:41  Baneling x3  
  99  7:44  Overlord  
  104  7:51  Overlord  
  104  7:53  Overlord  
  104  7:57  Zergling x14  
  109  8:03  Zergling x4  
  109  8:04  Zergling x6  
  112  8:06  Drone x2  
  112  8:09  Baneling x8  
  112  8:10  Baneling x2  
  112  8:11  Zergling x6  
  112  8:12  Baneling x3  
  115  8:14  Zergling x2  
  115  8:15  Baneling  
  115  8:16  Baneling x6  
  115  8:17  Zergling x10  
  120  8:20  Zergling x2  
  120  8:24  Zergling x2  
  113  8:29  Zergling x8  
  113  8:33  Zergling x2  
Show
View Real Time Build Order
Export as new Build Order

SpeCial Terran - Winner!

Build Orders:  

Get SALT Encoding   

  12  0:00  SCV  
  13  0:12  SCV  
  14  0:16  Supply Depot  
  14  0:24  SCV  
  15  0:38  SCV  
  15  0:40  Barracks  
  16  0:43  Refinery  
  16  0:50  SCV  
  17  1:02  SCV  
  18  1:14  SCV  
  19  1:28  Orbital Command  
  19  1:36  Command Center  
  19  1:38  Marine  
  20  1:49  Factory  
  20  1:54  SCV  
  21  2:04  Barracks Reactor  
  21  2:06  SCV  
  22  2:10  Supply Depot  
  22  2:12  Refinery  
  22  2:18  SCV  
  23  2:31  SCV  
  24  2:40  Starport  
  24  2:43  SCV  
  29  2:44  Hellion x2  
  29  2:47  Marine  
  29  2:49  Orbital Command  
  30  2:55  SCV  
  35  3:05  Widow Mine x2  
  35  3:08  SCV  
  36  3:14  Supply Depot, SCV  
  36  3:17  Medivac  
  36  3:19  Marine  
  40  3:20  SCV  
  40  3:26  SCV  
  42  3:28  Widow Mine  
  42  3:29  Widow Mine  
  46  3:36  Armory  
  46  3:39  Supply Depot  
  46  3:40  SCV  
  47  3:41  SCV  
  48  3:52  Hellion x2, SCV  
  48  3:54  SCV  
  54  4:02  Supply Depot  
  54  4:04  Liberator, SCV  
  54  4:09  SCV  
  59  4:16  Hellion  
  59  4:17  SCV  
  62  4:24  Hellion, SCV  
  65  4:29  SCV  
  66  4:36  SCV, Barracks Tech Lab  
  65  4:41  SCV  
  65  4:42  Supply Depot  
  65  4:44  Command Center  
  64  4:48  SCV  
  64  4:51  Hellion x2  
  64  4:52  Hellion  
  63  4:53  SCV  
  63  4:57  Marine  
  65  5:00  SCV  
  65  5:01  Stimpack, Factory Reactor  
  65  5:06  Barracks  
  66  5:08  SCV, Barracks  
  66  5:09  Hellion  
  66  5:10  Hellion, Starport Reactor  
  66  5:13  Supply Depot, SCV  
  66  5:15  Marine  
  66  5:20  SCV  
  68  5:26  SCV  
  69  5:30  Refinery, Engineering Bay  
  69  5:31  Refinery, Engineering Bay  
  69  5:33  Marine  
  69  5:35  SCV  
  71  5:38  SCV  
  72  5:47  SCV  
  72  5:48  Medivac x2, Factory Tech Lab  
  77  5:50  Marine  
  77  5:53  SCV, Barracks  
  77  5:54  Barracks  
  79  5:57  Orbital Command  
  79  5:59  SCV  
  79  6:01  Marine x2  
  79  6:02  Marine x2  
  84  6:08  Drilling Claws, Siege Tank, Marine  
  89  6:11  SCV x2  
  90  6:19  Marine x4  
  90  6:20  Terran Infantry Weapons Level 1, Terran Infantry Armor Level 1  
  90  6:22  Orbital Command  
  90  6:23  SCV x2  
  96  6:26  Marine  
  97  6:35  SCV  
  97  6:36  Supply Depot, SCV  
  97  6:37  Marine x2  
  101  6:40  Barracks Reactor  
  101  6:41  Barracks Reactor  
  101  6:42  Supply Depot  
  101  6:49  Combat Shield  
  101  6:54  Supply Depot  
  101  6:57  SCV x2, Siege Tank, Marine x3  
  101  6:59  Marine x2  
  101  7:00  SCV  
  104  7:09  SCV x2  
  104  7:14  Medivac x2  
  104  7:15  SCV, Marine x3  
  107  7:16  Marine x3  
  107  7:17  Marine x2  
  107  7:18  Refinery, Marine  
  107  7:22  SCV  
  111  7:33  Marine x3  
  111  7:34  Marine x3  
  111  7:35  Marine x2  
  111  7:36  Marine  
  119  7:37  SCV x2  
  119  7:39  Supply Depot  
  119  7:40  SCV  
  122  7:49  SCV  
  122  7:51  Marine x2  
  125  7:55  Starport Reactor  
  125  7:58  Supply Depot, Command Center  
  125  7:59  Supply Depot  
  125  8:00  Marine x7  
  131  8:08  Marine x2  
  133  8:19  Marine x4  
  141  8:20  Widow Mine x2, Marine x3  
  141  8:22  Supply Depot  
  141  8:23  Supply Depot  
  141  8:26  Marine x2  
Tags
 
Add a new tag
Caveats
  • Supply blocks, unpowered buildings, or Contaminate may cause inaccurate times.
  • Supply counts are checked every 10 seconds.